 Dungeon Crawl Stone Soup version 0.21.1-1-g345015fe64 (webtiles) character file.

3462 Oravi the Transmogrifier (level 10, 0/69 HPs)
             Began as a Merfolk Transmuter on Apr 18, 2018.
             Was an Initiate of Qazlal.
             Slain by a troll (3 damage)
             ... on level 9 of the Dungeon.
             The game lasted 00:31:44 (10042 turns).

Oravi the Transmogrifier (Merfolk Transmuter)      Turns: 10042, Time: 00:31:48

Health: 0/69       AC:  5    Str: 14    XL:     10   Next: 6%
Magic:  12/13      EV: 16    Int: 17    God:    Qazlal [......]
Gold:   379        SH:  0    Dex: 14    Spells: 8/13 levels left

rFire    . . .     SeeInvis +     - Unarmed
rCold    . . .     Gourm    .   (no shield)
rNeg     . . .     Faith    .   b - +0 robe
rPois    .         Spirit   .   (no helmet)
rElec    .         Reflect  .   g - +1 cloak
rCorr    .         Harm     .   h - +0 pair of gloves
MR       .....                  (no boots)
Stlth    +.........             (no amulet)
HPRegen  0.21/turn              k - ring of see invisible
MPRegen  0.13/turn              x - +4 ring of strength

@: about to teleport
A: change form in water, swift swim, stealthy swim
a: Renounce Religion


You were on level 9 of the Dungeon.
You worshipped Qazlal.
Qazlal was noncommittal.
You were very hungry.

You visited 2 branches of the dungeon, and saw 10 of its levels.

You collected 406 gold pieces.
You spent 27 gold pieces at shops.

Inventory:

Missiles
 a - 157 arrows
Armour
 b - a +0 robe (worn)
 g - a +1 cloak (worn)
 h - a +0 pair of gloves (worn)
Jewellery
 k - a ring of see invisible (left hand)
 x - a +4 ring of strength (right hand)
Wands
 s - a wand of iceblast (7)
 v - a wand of disintegration (17)
Scrolls
 e - 3 scrolls of remove curse
 o - a scroll of enchant armour
 p - 2 scrolls of teleportation
 u - a scroll of fog
Potions
 f - a potion of might
 i - 3 potions of curing
 j - 2 potions of magic
 l - 3 potions of heal wounds
 m - a potion of agility
 n - 2 potions of flight
 q - a potion of brilliance
 r - 2 potions of cancellation {unknown}
 t - a potion of lignification {unknown}
Books
 c - a book of Changes

   Spells                             Type                      Level
   a - Beastly Appendage              Transmutation                1
   b - Sticks to Snakes               Transmutation                2
   c - Spider Form                    Transmutation/Poison         3
   d - Ice Form                       Ice/Transmutation            4
   e - Blade Hands                    Transmutation                5
Comestibles
 d - 12 rations


   Skills:
 + Level 2.8 Fighting
 * Level 7.5 Dodging
 + Level 10.2 Unarmed Combat
 - Level 2.0 Spellcasting
 * Level 10.3 Transmutations
 - Level 5.0 Poison Magic


You had 8 spell levels left.
You knew the following spells:

 Your Spells              Type           Power        Failure   Level  Hunger
b - Sticks to Snakes      Tmut           #####...     1%          2    ###....
c - Spider Form           Tmut/Pois      ####......   2%          3    ###....


Dungeon Overview and Level Annotations

Branches:
Dungeon (9/15)             Temple (1/1) D:7
   Lair: D:8-11         Orc: D:9-12

Altars:
Ashenzari
Cheibriados
Dithmenos
Elyvilon
Fedhas
Gozag
Hepliaklqana
Kikubaaqudgha
Makhleb
Nemelex Xobeh
Okawaru
Qazlal
Ru
Sif Muna
Trog
Uskayaw
Vehumet
Wu Jian
Xom
Yredelemnul
Zin
The Shining One

Shops:
D:5 *

Annotations:
D:3 supermoro's ghost, amateur MiGl
D:4 supermoro's ghost, amateur MiGl
D:8 exclusion: statue


Message History

A porcupine comes into view.
The troll bites you!! The troll barely misses you. The troll claws you!
You hit the troll.
The troll is poisoned.
The troll is lightly wounded.
The troll bites you! The troll claws you! The troll closely misses you.
You are too injured to fight recklessly!
Your transformation has ended.
Your +1 cloak unmelds from your body.
Your +0 pair of gloves unmelds from your body.
Your +0 robe unmelds from your body.
The porcupine barely misses you. The porcupine bites you.
The troll closely misses you. The troll barely misses you. The troll claws you!
* * * LOW HITPOINT WARNING * * *
As you read the scroll of teleportation, it crumbles to dust.
You feel strangely unstable. The troll bites you!
* * * LOW HITPOINT WARNING * * *
The troll claws you.
* * * LOW HITPOINT WARNING * * *
The troll claws you.
You die...

#.$.PP....P. #........P..
###...#.......
#......#....#. ####
#......+....# ......
#รท.....# ..... ......
#......# .....
......#########T.....###....
.............@r.......#####
#.......................
#......<................
#.......................
#..<....................
#............###########
#............#
#............#
#............#


You could see a troll and a porcupine.

Vanquished Creatures
  A centaur skeleton (D:9)
  A hippogriff (D:7)
  Menkaure (D:5)
  2 water moccasins
  2 porcupines
  Duvessa (D:6)
  A phantom (D:7)
  A black bear (D:7)
  2 ogres
  2 centaurs (D:5)
  6 bullfrogs
  Dowan (D:6)
  5 scorpions
  3 howler monkeys
  5 crimson imps
  A centaur zombie (D:6)
  A bullfrog zombie (D:6)
  A jelly (D:5)
  An orc priest (D:6)
  3 hounds
  A bullfrog skeleton (D:5)
  2 iguanas
  2 orc wizards
  4 worker ants
  A killer bee zombie (D:7)
  A hound zombie (D:6)
  A hound skeleton (D:7)
  2 worker ant zombies
  11 gnolls
  11 adders
  2 oozes
  3 adder zombies
  2 adder skeletons
  3 worms
  2 dart slugs
  5 leopard geckos
  12 orcs
  3 ball pythons
  6 giant cockroaches
  3 goblins
  8 hobgoblins
  15 jackals
  5 kobolds
  3 quokkas
  3 bats
  6 frilled lizards
  A leopard gecko zombie (D:6)
  A quokka zombie (D:5)
  12 rats
  A spectral orc (D:3)
173 creatures vanquished.

Notes
Turn   | Place    | Note
-------+----------+-------------------------------------------
     0 | D:1      | Oravi the Merfolk Transmuter began the quest for the Orb.
     0 | D:1      | Reached XP level 1. HP: 15/15 MP: 3/3
   202 | D:1      | Reached XP level 2. HP: 7/21 MP: 3/5
  1259 | D:2      | Reached XP level 3. HP: 13/26 MP: 4/6
  1476 | D:1      | Learned a level 2 spell: Sticks to Snakes
  1480 | D:1      | Learned a level 3 spell: Spider Form
  1813 | D:2      | Found an opulent altar of Gozag.
  1816 | D:2      | Reached XP level 4. HP: 32/32 MP: 3/7
  2280 | D:2      | Reached XP level 5. HP: 32/37 MP: 4/8
  3059 | D:3      | Found a basalt altar of Yredelemnul.
  3136 | D:3      | Reached skill level 5 in Unarmed Combat
  3136 | D:3      | Reached skill level 1 in Poison Magic
  3341 | D:3      | Found a snail-covered altar of Cheibriados.
  3406 | D:3      | Noticed supermoro's ghost (amateur MiGl)
  3506 | D:3      | Reached skill level 5 in Transmutations
  3538 | D:3      | Found an ornate altar of the Wu Jian Council.
  3686 | D:4      | Found a hide-covered altar of Uskayaw.
  3708 | D:4      | Reached XP level 6. HP: 32/43 MP: 3/9
  3976 | D:4      | Found a glowing silver altar of Zin.
  4003 | D:4      | Found a sacrificial altar of Ru.
  4016 | D:4      | Noticed supermoro's ghost (amateur MiGl)
  4710 | D:4      | Found a shadowy altar of Dithmenos.
  4865 | D:5      | Entered Level 5 of the Dungeon
  4876 | D:5      | Reached XP level 7. HP: 17/49 MP: 4/10
  5154 | D:5      | Noticed Menkaure
  5164 | D:5      | HP: 2/49 [Menkaure (24)]
  5168 | D:5      | Killed Menkaure
  5426 | D:5      | Found an iron altar of Okawaru.
  5669 | D:5      | Reached XP level 8. HP: 32/56 MP: 8/11
  6041 | D:5      | Found a deep blue altar of Sif Muna.
  6104 | D:5      | Found Wyorucia's Assorted Antiques.
  6116 | D:5      | Bought a scroll labeled TIMETE XEAHITAH for 27 gold pieces
  6630 | D:6      | Noticed Duvessa
  6647 | D:6      | Killed Duvessa
  6647 | D:6      | Reached skill level 5 in Dodging
  6750 | D:6      | Noticed Dowan
  6759 | D:6      | Killed Dowan
  6759 | D:6      | Reached skill level 5 in Poison Magic
  7449 | D:6      | Found a glowing golden altar of the Shining One.
  7644 | D:6      | Reached XP level 9. HP: 61/61 MP: 5/12
  8621 | D:7      | Found a staircase to the Ecumenical Temple.
  8634 | Temple   | Entered the Ecumenical Temple
  9069 | D:7      | Found a blossoming altar of Fedhas.
  9071 | D:7      | Found a stormy altar of Qazlal.
  9080 | D:7      | Became a worshipper of Qazlal Stormbringer
  9405 | D:8      | Found a radiant altar of Vehumet.
  9743 | D:9      | Reached skill level 10 in Transmutations
  9752 | D:9      | Reached skill level 10 in Unarmed Combat
  9753 | D:9      | Noticed a troll
  9760 | D:9      | Reached XP level 10. HP: 49/68 MP: 9/13
 10042 | D:9      | HP: 3/69 [troll (2)]
 10042 | D:9      | Slain by a troll

Skill      XL: |  1  2  3  4  5  6  7  8  9 |
---------------+----------------------------+-----
Dodging        | 3 4 5 7 |  7.5
Transmutations | 3 4 5 6 8 10 | 10.3
Unarmed Combat | 4 5 6 8 10 | 10.2
Poison Magic   | 2 3 4 5 |  5.0
Fighting       | 2 |  2.8
Spellcasting   | |  2.0

Action                   |  1- 3 |  4- 6 |  7- 9 | 10-12 || total
-------------------------+-------+-------+-------+-------++-------
Melee: Unarmed           |    95 |   161 |   357 |     9 ||   622
       Headbutt          |     5 |       |       |       ||     5
       Punch             |     1 |     3 |       |       ||     4
 Cast: Beastly Appendage |    12 |     1 |       |       ||    13
       Spider Form       |     4 |    28 |    52 |     1 ||    85
       Sticks to Snakes  |       |     3 |       |       ||     3
 Abil: End Transformatio |       |       |     1 |       ||     1
  Use: Scroll            |       |    10 |     7 |     1 ||    18
       Potion            |       |     1 |     1 |       ||     2
 Stab: Sleeping          |       |     3 |     4 |       ||     7
  Eat: Chunk             |     1 |    13 |    19 |       ||    33
       Ration            |     1 |       |     1 |       ||     2
Armor: Robe              |    11 |    10 |     2 |       ||    23
       Skin              |       |     9 |     6 |       ||    15
Dodge: Dodged            |    60 |   132 |   270 |    22 ||   484
